 Dungeon Crawl Stone Soup version 0.20-a0-830-g2c9a30d (webtiles) character file.

1101 Aksej the Slasher (level 8, -4/61 HPs)
             Began as a Demonspawn Monk on Mar 7, 2017.
             Slain by a yak (6 damage)
             ... on level 5 of the Dungeon.
             The game lasted 00:11:54 (4618 turns).

Aksej the Slasher (Demonspawn Monk)                 Turns: 4618, Time: 00:11:55

Health: -4/61      AC:  5    Str: 11    XL:     8   Next: 10%
Magic:  0/8        EV: 15    Int: 11    God:
Gold:   150        SH:  0    Dex: 19    Spells: 7/7 levels left

rFire    . . .     SeeInvis .   a - +1 falchion
rCold    . . .     Gourm    .   n - +0 robe
rNeg     . . .     Faith    .   (no shield)
rPois    .         Spirit   +   (helmet restricted)
rElec    .         Reflect  .   j - +2 cloak
rCorr    +         Harm     .   (no gloves)
MR       .....                  (no boots)
Stlth    +++.......             (no amulet)
Regen    0.6/turn               (no ring)
MPRegen  0.2/turn               g - ring of resist corrosion

@: no status effects
A: antennae 1, blurry vision 1, foul stench 1, mutation resistance 1,
regeneration 1, wild magic 1, magic shield, rot immunity
a: no special abilities


You were on level 5 of the Dungeon.
You were near starving.

You visited 2 branches of the dungeon, and saw 6 of its levels.

You collected 150 gold pieces.

Inventory:

Hand Weapons
 a - a +1 falchion (weapon)
Armour
 j - a +2 cloak (worn)
 n - a +0 robe (worn)
Jewellery
 g - a ring of resist corrosion (left hand)
Scrolls
 h - 3 scrolls of teleportation
 i - a scroll of identify
 l - a scroll of blinking
 m - a scroll of amnesia
 o - 2 scrolls of remove curse
 p - a scroll of enchant weapon
 r - a scroll of enchant armour
Comestibles
 c - 4 bread rations
 f - 2 meat rations
 k - 2 royal jellies


   Skills:
 + Level 4.7 Fighting
 * Level 7.6 Long Blades
 + Level 3.9 Dodging
 + Level 3.1 Stealth


You had 7 spell levels left.
You didn't know any spells.

Dungeon Overview and Level Annotations

Branches:
Dungeon (5/15)             Temple (1/1) D:4

Altars:
Ashenzari
Cheibriados
Dithmenos
Elyvilon
Hepliaklqana
Makhleb
Nemelex Xobeh
Okawaru
Qazlal
Ru
Trog
Uskayaw
Vehumet
Yredelemnul
Zin
The Shining One

Annotations:
D:5 Sigmund


Innate Abilities, Weirdness & Mutations

You have a pair of small antennae on your head.
You may emit foul miasma when damaged in melee.
When hurt, damage is shared between your health and your magic reserves.
You are immune to rotting.
Scrolls take you a little longer to read.
You are somewhat resistant to further mutation.
Your natural rate of healing is unusually fast.
Your spells are a little harder to cast, but a little more powerful.


Message History

The yak barely misses you.
You slash the yak!
The yak is almost dead.
The yak gores you.
* * * LOW HITPOINT WARNING * * *
You hit the yak.
You kill the yak!
You have reached level 8!
You feel agile.
Your demonic ancestry asserts itself...
You feel your magical essence form a protective shroud around your flesh.
You hit the yak but do no damage. The yak gores you!
* * * LOW HITPOINT WARNING * * *
You hit the yak.
The yak is lightly wounded.
The yak gores you.
Unknown command.
You hit the yak but do no damage.
The yak is lightly wounded.
The yak gores you!
You die...

#....#.....$..... ##
.....#..........# ..
.....#..........# .##
#....#..........##..##
#....#...............#
#######.P.........#
.####≈.P≈........##
.#≈PP≈≈≈≈.##..##Y#
..≈≈♣ ♣≈≈...###@#
.≈P♣♣ ♣≈≈≈.##
#........ .P≈♣♣ ♣P≈P##
#####.... .≈≈P♣♣♣♣♣≈P#
.. .≈≈≈♣≈♣≈≈PP#
##PP≈P≈P≈P##
##P.≈PP### ##≈P.##
#####


You could see a yak.

Vanquished Creatures
  2 yaks (D:5)
  A sky beast (D:5)
  An ogre (D:4)
  A scorpion (D:3)
  A howler monkey (D:4)
  A bullfrog skeleton (D:5)
  A hound (D:5)
  A centaur skeleton (D:4)
  An orc priest (D:4)
  4 orc wizards (D:4)
  Ijyb (D:3)
  3 worker ants
  Robin (D:4)
  4 gnolls (D:4)
  7 adders
  2 oozes (D:1)
  3 worms
  5 dart slugs
  2 leopard geckos
  6 orcs
  5 bats
  5 giant cockroaches
  12 goblins
  13 hobgoblins
  2 jackals (D:2)
  5 kobolds
  2 quokkas
  4 ball pythons
  4 frilled lizards
  A jackal skeleton (D:5)
  A quokka skeleton (D:4)
  8 rats
110 creatures vanquished.

Notes
Turn   | Place    | Note
-------+----------+-------------------------------------------
     0 | D:1      | Aksej the Demonspawn Monk began the quest for the Orb.
     0 | D:1      | Reached XP level 1. HP: 18/18 MP: 1/1
   152 | D:1      | Gained mutation: You are immune to rotting. [demonic ancestry]
   152 | D:1      | Reached XP level 2. HP: 13/24 MP: 2/2
   306 | D:1      | Reached skill level 3 in Long Blades
   532 | D:1      | Gained mutation: You may emit foul miasma when damaged in melee. [demonic ancestry]
   532 | D:1      | Reached XP level 3. HP: 8/29 MP: 3/3
  1224 | D:2      | Found a glowing silver altar of Zin.
  1694 | D:2      | Reached XP level 4. HP: 29/35 MP: 4/4
  2204 | D:2      | Gained mutation: Your natural rate of healing is unusually fast. [potion of mutation]
  2204 | D:2      | Gained mutation: You are somewhat resistant to further mutation. [potion of mutation]
  2204 | D:2      | Gained mutation: Your spells are a little harder to cast, but a little more powerful. [potion of mutation]
  2583 | D:3      | Reached skill level 4 in Long Blades
  2583 | D:3      | Reached XP level 5. HP: 17/42 MP: 5/5
  2643 | D:3      | Noticed Ijyb
  2656 | D:3      | Killed Ijyb
  3093 | D:4      | Found a burning altar of Makhleb.
  3257 | D:4      | Noticed Robin
  3271 | D:4      | Killed Robin
  3295 | D:4      | Reached skill level 5 in Long Blades
  3339 | D:4      | Gained mutation: You have a pair of small antennae on your head. [demonic ancestry]
  3339 | D:4      | Reached XP level 6. HP: 40/48 MP: 6/6
  3418 | D:4      | Found a staircase to the Ecumenical Temple.
  3425 | Temple   | Entered the Ecumenical Temple
  3910 | D:4      | Reached XP level 7. HP: 41/55 MP: 7/7
  3913 | D:4      | Reached skill level 6 in Long Blades
  4324 | D:5      | Entered Level 5 of the Dungeon
  4362 | D:5      | Noticed Sigmund
  4488 | D:5      | Gained mutation: Scrolls take you a little longer to read. [mutagenic meat]
  4569 | D:5      | Noticed a yak
  4575 | D:5      | Noticed a yak
  4576 | D:5      | Noticed a yak
  4600 | D:5      | Killed a yak
  4600 | D:5      | Reached skill level 7 in Long Blades
  4614 | D:5      | HP: 2/55 [yak (6)]
  4615 | D:5      | Killed a yak
  4615 | D:5      | Gained mutation: When hurt, damage is shared between your health and your magic reserves. [demonic ancestry]
  4615 | D:5      | Reached XP level 8. HP: 2/61 MP: 8/8
  4618 | D:5      | Slain by a yak

Vault maps used:
D:1:      saegor_arrival_simple_e, hex_medium, minmay_misc_feat_x,
          minmay_pentomino_t4
D:2:      zin_scriptorium
D:3:      first_bread, uniq_iyjb
D:4:      minmay_temple_entry_purple_smoke, bloody_makhleb, uniq_robin
D:5:      kennysheep_mini_moat, serial_bayou_pond_c, kennysheep_small_spiral,
          uniq_sigmund
Temple:   regret_index_temple_generic_petals

Skill      XL: |  1  2  3  4  5  6  7 |
---------------+----------------------+-----
Long Blades    | 3 4 5 7 |  7.6
Stealth        | 2 3 |  3.1
Dodging        | 3 |  3.9
Fighting       | 4 |  4.7

Action                   |  1- 3 |  4- 6 |  7- 9 || total
-------------------------+-------+-------+-------++-------
Melee: Falchion          |    85 |   281 |   109 ||   475
  Use: Potion            |     2 |     5 |     2 ||     9
       Scroll            |     4 |    13 |       ||    17
 Stab: Sleeping          |     7 |     2 |     4 ||    13
  Eat: Chunk             |     2 |     8 |     5 ||    15
Armor: Robe              |    20 |    56 |    22 ||    98
Dodge: Dodged            |    42 |   167 |    49 ||   258
       Rpst.: Falchion   |    17 |    53 |    13 ||    83
